 Dungeon Crawl Stone Soup version 0.22-a0-443-g17c3723 (webtiles) character file.

1665 Gorglomux the Skirmisher (level 9, -10/56 HPs)
             Began as a Gargoyle Fighter on June 1, 2018.
             Was a Believer of Okawaru.
             Killed by divine providence
             ... invoked by an orc priest
              (15 damage)
             ... on level 5 of the Dungeon.
             The game lasted 00:02:16 (3940 turns).

Gorglomux the Skirmisher (Gargoyle Fighter)         Turns: 3940, Time: 00:02:18

Health: -10/56     AC: 22    Str: 23    XL:     9   Next: 1%
Magic:  9/11       EV:  8    Int:  9    God:    Okawaru [**....]
Gold:   273        SH: 12    Dex:  9    Spells: 8/8 levels left

rFire    . . .     SeeInvis .   a - +0 war axe
rCold    . . .     Gourm    .   c - +0 shield
rNeg     + . .     Faith    .   V - +0 plate armour
rPois    ∞         Spirit   .   l - +1 hat
rElec    +         Reflect  .   (no cloak)
rCorr    .         Harm     .   (no gloves)
MR       .....                  (no boots)
Stlth    ..........             (no amulet)
HPRegen  0.18/turn              (no ring)
MPRegen  0.12/turn              (no ring)

@: heroism, invisible
A: negative energy resistance 1, electricity resistance, unbreathing,
petrification resistance, rot immunity, AC +6
a: Heroism, Renounce Religion


You were on level 5 of the Dungeon.
You worshipped Okawaru.
Okawaru was pleased with you.
You were not hungry.

You visited 1 branch of the dungeon, and saw 5 of its levels.

You collected 273 gold pieces.

Inventory:

Hand Weapons
 a - a +0 war axe (weapon)
 W - a +5 dire flail of venom
Armour
 c - a +0 shield (worn)
 l - a +1 hat (worn)
 V - a +0 plate armour (worn)
Wands
 I - a wand of iceblast (3)
 P - a wand of paralysis (1)
Scrolls
 i - a scroll of magic mapping {unknown}
 k - 5 scrolls of identify {unknown}
 n - a scroll of random uselessness {unknown}
 o - 2 scrolls of enchant weapon {unknown}
 r - 4 scrolls of amnesia {unknown}
 s - a scroll of teleportation {unknown}
 T - a scroll of blinking {unknown}
 U - a scroll of noise {unknown}
Potions
 d - 4 potions of might
 g - 4 potions of heal wounds {unknown}
 j - 4 potions of curing {unknown}
 q - a potion of invisibility
 J - a potion of degeneration {unknown}
 K - a potion of mutation {unknown}
 Q - a potion of lignification {unknown}
 R - 3 potions of cancellation {unknown}
Comestibles
 f - 3 rations
 X - 2 chunks of flesh


   Skills:
 + Level 6.7(11.7) Fighting
 + Level 5.1(10.1) Axes
 + Level 6.6(11.6) Armour
 + Level 6.7(11.7) Shields
 - Level 3.0 Invocations


You had 8 spell levels left.
You didn't know any spells.
Your spell library was empty.

Dungeon Overview and Level Annotations

Branches:
Dungeon (5/15)
 Temple: D:4-7

Altars:
Elyvilon
Makhleb
Okawaru
Qazlal
Trog
Yredelemnul

Annotations:
D:4 2 transporters


Innate Abilities, Weirdness & Mutations

You are resistant to torment.
Your stone body is resilient. (AC +6)
You are immune to poison.
You resist negative energy. (rN+)
You are resistant to electric shocks. (rElec)
You can survive without breathing.
You are immune to petrification.
You are immune to rotting.


Message History

You closely miss the orc priest! The orc wizard barely misses you!
The orc priest mumbles some strange prayers to Beogh against you!
Beogh smites you!!!
The butt priest hits you but does no damage!
The orc wizard casts a spell!
The butt wizard blinks!!!
You block the orc's attack!
Unknown command!
There are monsters nearby!!!
You gain the combat prowess of a mighty hero!
The orc priest invokes the aid of Beogh against you!
Beogh smites you!!! * * * don't die
* * * The orc priest begins to cast a cantrip, but forgets the words!!!
You block the orc's attack!
It butts a potion of invisibility!
You fade into invisibility!!!
The orc priest hits you but does no damage!
The orc priest invokes the aid of Butt against you!
Butt smites you!!! rip

#.......... #...
#.#........ #...
#.#...#..<. ....
#.######... ....
#..........
.#######...############
.......'...............
########...####.o......
#...# #@§...... #...#
#oo...... #...#
#o....... #...#
#........ #...#
#........ #...#
#........ #...#
#........ #.<.#
#........


You could see 2 orc priests, an orc wizard and an orc.

Vanquished Creatures
  The ghost of Zorot the Insei, a novice OpTm of Cheibriados (D:5)
  Grinder (D:3)
  Edmund (D:5)
  An ice beast (D:4)
  A phantom (D:4)
  2 ogres (D:5)
  Blork the orc (D:4)
  A gnoll sergeant (D:5)
  A scorpion (D:3)
  3 crimson imps
  A hound (D:5)
  2 orc priests (D:5)
  Ijyb (D:3)
  2 iguanas (D:4)
  3 worker ants
  7 gnolls
  5 adders
  2 shadow imps
  An ooze (D:3)
  An adder skeleton (D:4)
  An adder zombie (D:5)
  2 dart slugs
  5 leopard geckos
  5 orcs
  A ball python (D:4)
  4 giant cockroaches
  9 goblins
  9 hobgoblins
  13 jackals
  2 quokkas
  8 bats
  4 frilled lizards
  8 kobolds
  A leopard gecko zombie (D:5)
  6 rats
116 creatures vanquished.

Vanquished Creatures (others)
  A bat (D:1)
  A goblin (D:1)
2 creatures vanquished.

Grand Total: 118 creatures vanquished

Notes
Turn   | Place    | Note
-------+----------+-------------------------------------------
     0 | D:1      | Gorglomux the Gargoyle Fighter began the quest for the Orb.
     0 | D:1      | Reached XP level 1. HP: 14/14 MP: 1/1
   130 | D:1      | Reached XP level 2. HP: 19/19 MP: 2/2
   477 | D:1      | Reached XP level 3. HP: 13/23 MP: 3/3
   629 | D:1      | You fall through a shaft!
   629 | D:2      | Found a white marble altar of Elyvilon.
   629 | D:2      | Found a stormy altar of Qazlal.
   629 | D:2      | Found a bloodstained altar of Trog.
   629 | D:2      | Found a basalt altar of Yredelemnul.
   641 | D:2      | Found an iron altar of Okawaru.
   642 | D:2      | Found a burning altar of Makhleb.
   675 | D:2      | Became a worshipper of Warmaster Okawaru
  1362 | D:3      | Reached XP level 4. HP: 29/29 MP: 4/4
  1428 | D:3      | Reached XP level 5. HP: 19/33 MP: 5/5
  1667 | D:3      | Noticed Ijyb
  1684 | D:3      | Paralysed by Ijyb for 2 turns
  1690 | D:3      | Paralysed by Ijyb for 6 turns
  1703 | D:3      | Killed Ijyb
  1703 | D:3      | Reached skill level 3 in Axes
  1771 | D:3      | Found a faded altar of an unknown god.
  1848 | D:3      | Noticed Grinder
  1853 | D:3      | Paralysed by Grinder for 6 turns
  1862 | D:3      | Killed Grinder
  1862 | D:3      | Reached * piety under Okawaru
  1862 | D:3      | Reached XP level 6. HP: 27/40 MP: 6/6
  2109 | D:4      | Noticed an ice beast
  2117 | D:4      | Killed an ice beast
  2117 | D:4      | Reached XP level 7. HP: 44/44 MP: 7/7
  2239 | D:4      | Reached skill level 1 in Invocations
  2282 | D:4      | Noticed Blork the orc
  2295 | D:4      | Killed Blork the orc
  2419 | D:4      | Found a transporter.
  2495 | D:4      | Found a transporter.
  2601 | D:5      | Entered Level 5 of the Dungeon
  2756 | D:5      | Reached ** piety under Okawaru
  3033 | D:5      | Noticed Zorot's ghost (novice OpTm)
  3038 | D:5      | Reached XP level 8. HP: 28/50 MP: 6/9
  3475 | D:5      | Reached skill level 6 in Fighting
  3475 | D:5      | Reached skill level 3 in Invocations
  3478 | D:5      | Reached skill level 6 in Shields
  3479 | D:5      | Reached skill level 6 in Armour
  3698 | D:5      | Killed Zorot's ghost
  3722 | D:5      | Noticed Edmund
  3743 | D:5      | Killed Edmund
  3757 | D:5      | Reached XP level 9. HP: 47/56 MP: 9/11
  3940 | D:5      | Killed from afar by an orc priest

Vault maps used:
D:1:      lemuel_arrival_lava_pool, lemuel_flame_loot_1
D:2:      minitemple
D:3:      chequers_ecumenical_altar_simple, uniq_grinder, uniq_ijyb
D:4:      gammafunk_steamed_eel, uniq_blork_the_orc
D:5:      first_ration, uniq_edmund

Skill      XL: |  1  2  3  4  5  6  7  8 |
---------------+-------------------------+-----
Axes           | 2 3 4 5 |  5.1
Fighting       | 4 5 6 |  6.7
Armour         | 4 5 6 |  6.6
Shields        | 4 5 6 |  6.7
Invocations    | 2 3 |  3.0

Action                   |  1- 3 |  4- 6 |  7- 9 || total
-------------------------+-------+-------+-------++-------
Melee: War axe           |   120 |    96 |   252 ||   468
Invok: Heroism           |       |       |     9 ||     9
  Use: Potion            |       |       |     1 ||     1
  Eat: Chunk             |     2 |     2 |     3 ||     7
       Ration            |       |       |     1 ||     1
Armor: Scale mail        |    74 |    75 |     4 ||   153
       Plate armour      |       |       |   205 ||   205
Dodge: Dodged            |    63 |    38 |    68 ||   169
Block: Shield            |    83 |    67 |   185 ||   335

Table legend:
 A = Spawn XP
 B = Non-spawn XP
 C = Spawn XP percentage of total XP
 D = Spawn monster count
 E = Non-spawn monster count
 F = Spawn count percentage of total count
 G = Total turns spent on level
                    A         B        C        D         E        F      G
               +---------+---------+-------+---------+---------+-------+---------
         Total |       0 |    2379 |   0.0 |       0 |     116 |   0.0 |  3940
               +---------+---------+-------+---------+---------+-------+---------
           D:1 |       0 |      39 |   0.0 |       0 |      25 |   0.0 |   629
           D:2 |       0 |      36 |   0.0 |       0 |      13 |   0.0 |   714
           D:3 |       0 |     486 |   0.0 |       0 |      27 |   0.0 |   702
           D:4 |       0 |     579 |   0.0 |       0 |      22 |   0.0 |  1093
           D:5 |       0 |    1239 |   0.0 |       0 |      29 |   0.0 |   802
               +---------+---------+-------+---------+---------+-------+---------
